Map: Abyssal Reef LE

Players

Bails - Winner!

  • Race: Protoss Protoss
  • Spawn Location: 11:00

jheffe

  • Race: Terran Terran
  • Spawn Location: 5:00

Event: WCS Austin 2017

VOD

Have the link to the VOD?

Description

Time

  • Played on: April 28, 2017, 3:11 p.m.
  • Length: 17:31

All games in this series

Show
View Real Time Build Order
Export as new Build Order

Bails Protoss - Winner!

Build Orders: Oracle Opening, Blink Stalkers 

Get SALT Encoding   

  12  0:01  Probe (Chrono Boost)  
  13  0:11  Probe (Chrono Boost)  
  14  0:17  Pylon  
  14  0:22  Probe (Chrono Boost)  
  15  0:36  Probe (Chrono Boost), Gateway  
  16  0:46  Probe (Chrono Boost)  
  16  0:47  Assimilator  
  17  0:53  Assimilator  
  18  0:57  Probe (Chrono Boost)  
  18  1:07  Probe (Chrono Boost)  
  19  1:18  Probe (Chrono Boost)  
  20  1:23  Cybernetics Core  
  20  1:28  Probe (Chrono Boost)  
  21  1:39  Probe (Chrono Boost), Pylon  
  22  1:49  Probe (Chrono Boost)  
  23  1:59  Stargate  
  25  2:01  Mothership Core (Chrono Boost)  
  25  2:03  Adept  
  27  2:09  Warp Gate  
  27  2:36  Nexus  
  30  2:45  Oracle  
  30  2:51  Pylon  
  30  2:55  Probe (Chrono Boost)  
  31  3:17  Probe (Chrono Boost)  
  31  3:22  Pylon  
  31  3:26  Twilight Council  
  30  3:35  Probe (Chrono Boost)  
  30  3:44  Gateway  
  30  3:45  Gateway  
  30  3:47  Probe (Chrono Boost)  
  30  3:48  Probe (Chrono Boost)  
  32  3:54  Pylon  
  32  3:56  Blink  
  32  3:58  Probe x2 (Chrono Boost)  
  34  4:09  Probe (Chrono Boost)  
  35  4:12  Probe (Chrono Boost)  
  33  4:20  Probe (Chrono Boost)  
  34  4:24  Stalker  
  34  4:29  Robotics Facility  
  36  4:32  Probe (Chrono Boost)  
  36  4:33  Probe (Chrono Boost)  
  38  4:44  Probe (Chrono Boost)  
  38  4:45  Stalker  
  41  4:46  Stalker  
  41  4:48  Probe (Chrono Boost)  
  41  4:50  Sentry  
  46  4:55  Pylon  
  46  4:57  Probe (Chrono Boost)  
  47  5:01  Assimilator  
  47  5:03  Assimilator, Probe (Chrono Boost)  
  48  5:09  Probe (Chrono Boost)  
  48  5:13  Pylon  
  49  5:17  Probe (Chrono Boost), Robotics Bay  
  51  5:22  Observer, Probe (Chrono Boost)  
  53  5:28  Probe (Chrono Boost)  
  53  5:32  Pylon  
  53  5:34  Probe (Chrono Boost)  
  54  5:39  Stalker  
  54  5:40  Observer, Probe (Chrono Boost), Stalker  
  59  5:45  Pylon  
  60  5:51  Stalker  
  60  5:56  Warp Prism  
  64  6:07  Stalker x2  
  68  6:13  Probe (Chrono Boost)  
  68  6:15  Probe (Chrono Boost)  
  65  6:20  Pylon  
  65  6:21  Pylon  
  65  6:23  Pylon  
  65  6:28  Dark Shrine  
  65  6:31  Adept  
  65  6:32  Adept  
  69  6:36  Adept  
  71  6:46  Immortal  
  61  7:02  Probe (Chrono Boost)  
  61  7:05  Mothership Core (Chrono Boost), Adept x3  
  69  7:11  Nexus  
  69  7:14  Probe (Chrono Boost)  
  70  7:21  Disruptor  
  66  7:24  Probe (Chrono Boost)  
  66  7:26  Probe (Chrono Boost)  
  66  7:28  Adept x2  
  75  7:30  Sentry  
  75  7:34  Pylon  
  75  7:37  Probe (Chrono Boost)  
  77  7:40  Probe (Chrono Boost)  
  78  7:49  Probe (Chrono Boost)  
  74  7:53  Disruptor, Stalker x2  
  78  8:03  Dark Templar  
  82  8:07  Gateway  
  82  8:08  Forge  
  82  8:11  Nexus  
  82  8:16  Pylon  
  82  8:19  Dark Templar x2  
  86  8:25  Disruptor  
  86  8:26  Probe (Chrono Boost)  
  88  8:28  Probe (Chrono Boost)  
  91  8:34  Pylon  
  91  8:38  Probe (Chrono Boost), Protoss Ground Weapons Level 1  
  85  8:43  Probe (Chrono Boost)  
  83  8:50  Probe (Chrono Boost)  
  83  8:55  Probe (Chrono Boost), Stalker x3  
  89  8:56  Warp Prism  
  91  9:07  Pylon  
  91  9:13  Sentry, Gateway, Photon Cannon  
  91  9:17  Probe x2 (Chrono Boost)  
  95  9:29  Disruptor, Probe x3 (Chrono Boost)  
  97  9:32  Adept x3  
  106  9:41  Probe (Chrono Boost)  
  106  9:42  Probe x2 (Chrono Boost)  
  109  9:51  Gateway  
  109  9:52  Robotics Facility, Resonating Glaives  
  109  9:53  Pylon  
  109  10:00  Assimilator  
  109  10:01  Pylon  
  109  10:03  Disruptor  
  109  10:05  Assimilator  
  112  10:10  Photon Cannon  
  112  10:11  Adept  
  112  10:12  Pylon  
  114  10:15  Stalker  
  116  10:28  Adept x3  
  122  10:39  Disruptor  
  124  10:44  Adept x2  
  124  10:48  Protoss Ground Weapons Level 2  
  127  10:50  Adept  
  127  10:51  Adept x2  
  127  10:55  Disruptor  
  136  11:01  Probe (Chrono Boost)  
  137  11:12  Photon Cannon  
  137  11:16  Disruptor  
  140  11:20  Nexus  
  122  11:34  Disruptor  
  122  11:35  Adept x5  
  122  11:36  Adept  
  132  11:43  Probe (Chrono Boost)  
  120  11:51  Probe (Chrono Boost)  
  120  11:52  Disruptor  
  120  12:06  Nexus  
  120  12:07  Adept x2  
  120  12:08  Adept x2  
  122  12:18  Pylon  
  122  12:19  Disruptor  
  122  12:20  Photon Cannon  
  122  12:21  Photon Cannon  
  125  12:23  Photon Cannon  
  125  12:28  Observer  
  125  12:29  Stalker x6  
  134  12:49  Protoss Ground Armor Level 1  
  132  12:55  Stalker x3  
  118  13:05  Disruptor  
  118  13:06  Immortal  
  119  13:14  Templar Archives  
  119  13:18  Nexus  
  117  13:25  Pylon, Adept x2  
  117  13:26  Dark Templar  
  123  13:31  Stalker, Sentry x2  
  123  13:44  Immortal  
  127  14:07  Immortal  
  127  14:09  Stalker x5  
  141  14:23  Immortal  
  143  14:26  Photon Cannon  
  143  14:31  Adept  
  143  14:32  Adept x2  
  143  14:37  Dark Templar  
  141  14:46  Warp Prism  
  141  14:48  Dark Templar  
  139  15:09  Nexus  
  139  15:15  Dark Templar  
  141  15:27  Stalker  
  141  15:28  Stalker x4  
  146  15:46  Disruptor  
  140  16:01  Pylon  
  140  16:02  Disruptor  
  143  16:21  Disruptor  
  143  16:36  Photon Cannon  
  143  16:37  Stalker  
  143  16:38  Stalker x3, Photon Cannon  
  143  16:39  Disruptor  
  151  16:40  Photon Cannon  
  151  16:41  Photon Cannon  
  151  16:44  Pylon  
  151  16:56  Stalker x2  
  151  17:00  Assimilator  
  158  17:03  Assimilator  
  158  17:10  Stalker x4  
Show
View Real Time Build Order
Export as new Build Order

jheffe Terran 

Build Orders: Cyclone Opening, Reaper Expand, MMM Bio 

Get SALT Encoding   

  12  0:01  SCV  
  13  0:13  SCV  
  14  0:17  Supply Depot  
  14  0:25  SCV  
  15  0:29  Refinery  
  15  0:38  SCV  
  16  0:46  Barracks  
  16  0:50  SCV  
  17  1:03  SCV  
  18  1:15  SCV  
  19  1:34  Reaper  
  19  1:35  Orbital Command  
  20  1:48  Command Center  
  20  1:59  Factory  
  20  2:02  SCV  
  21  2:08  Refinery  
  21  2:11  Barracks Reactor  
  21  2:18  Supply Depot  
  21  2:19  SCV  
  22  2:32  SCV  
  23  2:43  Cyclone  
  26  2:47  Marine x2  
  26  2:50  SCV  
  29  2:56  Starport  
  29  3:01  Orbital Command  
  29  3:06  Marine x2  
  31  3:18  Widow Mine  
  31  3:19  SCV  
  33  3:28  Marine x2  
  35  3:36  SCV  
  35  3:37  Viking  
  38  3:47  Marine x2  
  38  3:48  SCV  
  41  3:54  Factory Tech Lab  
  41  3:56  SCV  
  41  3:58  Barracks  
  41  4:02  Supply Depot  
  42  4:05  Marine x2  
  44  4:11  SCV  
  44  4:16  SCV  
  43  4:17  Siege Tank  
  43  4:23  SCV  
  47  4:24  Supply Depot  
  47  4:27  Viking  
  47  4:29  Marine  
  50  4:31  Marine  
  50  4:35  SCV  
  52  4:39  SCV  
  53  4:47  SCV  
  53  4:49  Marine x2  
  53  4:51  SCV  
  57  4:53  Engineering Bay, Siege Tank  
  57  4:56  Barracks Tech Lab  
  57  4:59  SCV  
  61  5:02  Supply Depot  
  61  5:03  SCV  
  62  5:08  Refinery  
  62  5:17  Supply Depot, Marine, Stimpack, SCV  
  62  5:20  Terran Infantry Weapons Level 1  
  64  5:22  SCV  
  65  5:29  SCV  
  65  5:30  Marine  
  65  5:32  Barracks  
  65  5:34  SCV  
  68  5:36  Marauder  
  68  5:37  Starport Reactor  
  68  5:41  Factory Reactor  
  70  5:43  SCV  
  70  5:47  SCV  
  72  5:53  Marine  
  72  5:54  Marine  
  72  5:55  SCV  
  75  5:59  SCV  
  75  6:07  SCV  
  75  6:09  Marauder  
  78  6:11  Marine  
  78  6:17  Marine, SCV  
  77  6:20  Marauder  
  77  6:22  Medivac  
  77  6:25  Medivac  
  83  6:29  Marine  
  83  6:30  Marauder  
  85  6:33  Supply Depot  
  85  6:35  SCV  
  85  6:39  Combat Shields  
  86  6:51  Marine  
  86  6:52  Marauder  
  86  6:53  Marauder  
  86  6:54  Marine  
  81  7:02  SCV  
  81  7:07  Command Center  
  81  7:09  Marine  
  81  7:13  Barracks  
  81  7:14  Barracks, Marauder x2  
  77  7:24  Marine  
  77  7:26  Marine  
  79  7:31  Terran Infantry Armor Level 1  
  79  7:32  Supply Depot  
  79  7:33  SCV x2  
  79  7:35  Marauder  
  79  7:36  Marauder  
  85  7:42  Marine  
  86  7:45  SCV x2  
  86  7:47  Concussive Shells  
  79  7:56  Marauder  
  79  7:57  Missile Turret  
  80  8:02  Viking  
  80  8:03  Barracks Reactor, Barracks Tech Lab  
  82  8:06  Widow Mine  
  82  8:07  Widow Mine  
  82  8:08  SCV  
  87  8:14  Missile Turret x3, SCV  
  87  8:15  Marine x2  
  87  8:16  Marauder  
  87  8:17  Missile Turret  
  92  8:21  Refinery  
  92  8:22  Marauder  
  94  8:28  Marauder  
  94  8:31  SCV  
  94  8:34  Orbital Command  
  97  8:45  Marauder, Marine  
  97  8:46  Marauder  
  99  8:49  Marauder  
  99  8:50  Missile Turret  
  99  8:52  SCV  
  99  8:54  Marine x2  
  101  9:00  Armory  
  101  9:02  Medivac  
  101  9:04  SCV  
  101  9:05  SCV  
  105  9:12  Marine x4  
  105  9:14  SCV  
  110  9:18  Supply Depot  
  110  9:21  Marauder, Marine  
  110  9:23  SCV  
  114  9:27  SCV  
  115  9:32  SCV  
  115  9:35  Marauder  
  115  9:36  Marine  
  116  9:40  Marauder  
  116  9:42  SCV x2  
  116  9:44  Marauder, Marine  
  123  9:48  Medivac  
  125  9:55  Starport  
  125  9:59  Terran Infantry Weapons Level 2  
  125  10:08  Medivac, Marine x4, SCV x2  
  125  10:13  Supply Depot  
  133  10:14  Refinery  
  133  10:17  Liberator  
  133  10:34  Marine x3  
  133  10:35  Marauder, Engineering Bay  
  141  10:42  Marauder  
  141  10:57  Marine, SCV  
  141  11:08  Liberator  
  141  11:11  Liberator x3  
  141  11:13  Terran Infantry Armor Level 2  
  141  11:16  Supply Depot  
  141  11:24  Widow Mine  
  141  11:25  Marauder, Marine x2  
  141  11:29  Marauder x2  
  136  11:35  Marine x2  
  135  11:43  Marine x2  
  135  11:47  Marauder  
  126  11:50  Marauder x2  
  126  11:51  Liberator  
  126  11:53  Marine x2  
  122  11:57  Liberator  
  122  11:58  Liberator  
  119  12:01  Marine x2  
  119  12:08  Marauder  
  121  12:11  Marauder x2, Marine x2  
  121  12:13  Barracks x2  
  121  12:15  Barracks  
  133  12:19  Marine x2  
  135  12:28  Marine  
  135  12:29  Marauder, Marine  
  139  12:33  Marauder  
  139  12:35  Marauder  
  139  12:37  Marine x2  
  139  12:46  Marine  
  139  12:57  Marine x3  
  139  12:58  Marauder x2  
  131  13:01  Marine  
  131  13:04  Barracks Tech Lab, Marine  
  131  13:05  Barracks Tech Lab  
  123  13:06  Barracks Tech Lab  
  123  13:08  SCV x2  
  121  13:13  Command Center  
  121  13:15  Marine x2  
  121  13:17  Medivac x2  
  121  13:19  Marauder x3  
  133  13:40  Marauder  
  135  13:43  Marine x3  
  135  13:44  Marauder  
  135  13:45  Marine  
  141  13:49  Supply Depot  
  141  13:51  Missile Turret  
  141  13:55  Supply Depot  
  141  13:59  Marine  
  141  14:01  Marauder  
  141  14:04  Marine  
  141  14:06  Marauder x2, Marine x2  
  141  14:09  Missile Turret  
  140  14:13  Liberator x3  
  126  14:17  Marauder  
  126  14:21  Marine x2  
  126  14:22  Marine x2  
  126  14:23  Marauder  
  133  14:26  Liberator  
  139  14:42  Marine x2  
  139  14:43  Marauder  
  119  14:52  Marine x3  
  114  14:53  Marauder  
  83  15:49  Marine x3  
  86  15:50  Marauder  
  75  16:28  Orbital Command  
  69  16:53  Orbital Command  
  64  17:08  Marine x3  
Tags
 
Add a new tag
Caveats
  • Supply blocks, unpowered buildings, or Contaminate may cause inaccurate times.
  • Supply counts are checked every 10 seconds.